NCAA
MINNESOTA GOLDEN GOPHERS @ VIRGINIA TECH HOKIES
04/23/2023
 
TOP OF THE 1ST
Minnesota Golden Gophers batting - Pitching for Virginia Tech Hokies : RHP Frank Davis
Pitching: RHP Frank Davis
Batting: RHB Carlos López 0-0: Called Strike
0-1: Ball
1-1: Swinging Strike
1-2: Ball
2-2: Foul Ball, location: 2F
2-2: Strikes out swinging
Batting: RHB Mike Brooks 0-0: Ground out U3 (Groundball, 3S)
Batting: RHB Brady McIntyre 0-0: Fly out, F3 (Popup, 34)
Top of the 1st over - 0 run(s), 0 hit(s), 0 error(s), 0 left on base; Minnesota 0 - Virginia Tech 0
BOTTOM OF THE 1ST
Virginia Tech Hokies batting - Pitching for Minnesota Golden Gophers : LHP Dave Johnson
Pitching: LHP Dave Johnson
Batting: RHB Jerry Moore 0-0: Called Strike
0-1: Foul Ball, location: 2F
0-2: Foul Ball, location: 2F
0-2: Foul Ball, location: 2F
0-2: Foul Ball, location: 2F
0-2: Foul Ball, location: 2F
0-2: Ball
1-2: Ball
2-2: Fly out, F9 (Flyball, 9M)
Batting: LHB Larry Ringer 0-0: Called Strike
0-1: Fly out, F7 (Flyball, 7M)
Batting: RHB Jesús Lara 0-0: Called Strike
0-1: Called Strike
0-2: Ball
1-2: Foul Ball, location: 2F
1-2: Ground out 6-3 (Groundball, 6)
Bottom of the 1st over - 0 run(s), 0 hit(s), 0 error(s), 0 left on base; Minnesota 0 - Virginia Tech 0
TOP OF THE 2ND
Minnesota Golden Gophers batting - Pitching for Virginia Tech Hokies : RHP Frank Davis
Batting: RHB Charlie O'Farrell 0-0: Ball
1-0: Called Strike
1-1: Swinging Strike
1-2: Ball
2-2: Ball
3-2: Base on Balls
Batting: LHB Doug Willard 0-0: Ball
1-0: Called Strike
1-1: Called Strike
1-2: Ball
2-2: Ball
3-2: Strikes out looking
Batting: RHB Esteban Ayala 0-0: Called Strike
0-1: Ball
1-1: Fielders Choice at 2nd, 5-4 (Groundball, 56)
Batting: SHB Van White 0-0: Foul Ball, location: 2F
0-1: Ball
1-1: Called Strike
1-2: Foul Ball, location: 2F
1-2: Ball
2-2: Strikes out swinging
Top of the 2nd over - 0 run(s), 0 hit(s), 0 error(s), 1 left on base; Minnesota 0 - Virginia Tech 0
BOTTOM OF THE 2ND
Virginia Tech Hokies batting - Pitching for Minnesota Golden Gophers : LHP Dave Johnson
Batting: RHB Francisco González 0-0: Ball
1-0: Called Strike
1-1: Ball
2-1: Called Strike
2-2: DOUBLE (Line Drive, 89S)
Batting: RHB Felipe Núñez 0-0: Ball
1-0: Ball
2-0: Called Strike
2-1: Foul Ball, location: 2F
Balk!
Francisco González to third
2-2: Ball
3-2: Fly out, F7 (Flyball, 78M)
Runner from 3rd tags up, SCORES, no throw
Batting: RHB Carlos Solís 0-0: Ground out 5-3 (Groundball, 56)
Batting: RHB Denny Washington 0-0: Called Strike
0-1: Swinging Strike
0-2: Ball
1-2: Strikes out swinging
Bottom of the 2nd over - 1 run(s), 1 hit(s), 0 error(s), 0 left on base; Minnesota 0 - Virginia Tech 1
TOP OF THE 3RD
Minnesota Golden Gophers batting - Pitching for Virginia Tech Hokies : RHP Frank Davis
Batting: RHB Ben Lund 0-0: Ball
1-0: Ball
2-0: DOUBLE (Line Drive, 7LS)
Batting: LHB Ramón López 0-0: Ball
1-0: Foul Ball, location: 2F
1-1: Ball
2-1: Foul Ball, location: 2F
2-2: Strikes out swinging
Batting: RHB Carlos López 0-0: Ball
1-0: Swinging Strike
1-1: Ball
2-1: Swinging Strike
2-2: DOUBLE (Line Drive, 89M)
Ben Lund scores
Batting: RHB Mike Brooks 0-0: Ball
1-0: Ball
2-0: SINGLE (Line Drive, 9S)
Carlos López to third
Batting: RHB Brady McIntyre 0-0: Ball
1-0: Ball
2-0: Swinging Strike
2-1: Ball
3-1: Called Strike
3-2: Foul Ball, location: 2F
3-2: Strikes out looking
Batting: RHB Charlie O'Farrell 0-0: Foul Ball, location: 2F
0-1: Called Strike
0-2: Strikes out swinging
Top of the 3rd over - 1 run(s), 3 hit(s), 0 error(s), 2 left on base; Minnesota 1 - Virginia Tech 1
BOTTOM OF THE 3RD
Virginia Tech Hokies batting - Pitching for Minnesota Golden Gophers : LHP Dave Johnson
Batting: RHB Matt Dickson 0-0: Fly out, F8 (Flyball, 8LM)
Batting: LHB Kenny Harris 0-0: Ball
1-0: Ball
2-0: SOLO HOME RUN (Line Drive, 89XD), Distance : 382 ft
Batting: RHB Jerry Moore 0-0: Called Strike
0-1: Ball
1-1: Ball
2-1: SINGLE (Groundball, 56)
Batting: LHB Larry Ringer 0-0: Foul Ball, location: 2F
0-1: Ball
1-1: Ball
2-1: Foul Ball, location: 2F
2-2: Fly out, F7 (Flyball, 7M)
Batting: RHB Jesús Lara 0-0: Ball
Jerry Moore is caught stealing 2nd base
Bottom of the 3rd over - 1 run(s), 2 hit(s), 0 error(s), 0 left on base; Minnesota 1 - Virginia Tech 2
TOP OF THE 4TH
Minnesota Golden Gophers batting - Pitching for Virginia Tech Hokies : RHP Frank Davis
Batting: LHB Doug Willard 0-0: Fly out, F8 (Flyball, 89M)
Batting: RHB Esteban Ayala 0-0: Called Strike
0-1: Ground out 4-3 (Groundball, 34)
Batting: SHB Van White 0-0: Foul Ball, location: 2F
0-1: Ball
1-1: Swinging Strike
1-2: Foul Ball, location: 2F
1-2: Strikes out swinging
Top of the 4th over - 0 run(s), 0 hit(s), 0 error(s), 0 left on base; Minnesota 1 - Virginia Tech 2
BOTTOM OF THE 4TH
Virginia Tech Hokies batting - Pitching for Minnesota Golden Gophers : LHP Dave Johnson
Batting: RHB Jesús Lara 0-0: Called Strike
0-1: Called Strike
0-2: Ball
1-2: Fly out, F3 (Line Drive, 34)
Batting: RHB Francisco González 0-0: Foul Ball, location: 2F
0-1: Ball
1-1: Ball
2-1: Foul Ball, location: 2F
2-2: Foul Ball, location: 2F
2-2: Strikes out swinging
Batting: RHB Felipe Núñez 0-0: Ground out 6-3 (Groundball, 6S)
Bottom of the 4th over - 0 run(s), 0 hit(s), 0 error(s), 0 left on base; Minnesota 1 - Virginia Tech 2
TOP OF THE 5TH
Minnesota Golden Gophers batting - Pitching for Virginia Tech Hokies : RHP Frank Davis
Batting: RHB Ben Lund 0-0: Ball
1-0: Ground out 4-3 (Groundball, 4)
Batting: LHB Ramón López 0-0: Ball
1-0: SINGLE (Line Drive, 4MD)
Batting: RHB Carlos López 0-0: Ball
1-0: Called Strike
1-1: Called Strike
1-2: 2-RUN HOME RUN (Flyball, 7D), Distance : 365 ft
Batting: RHB Mike Brooks 0-0: SOLO HOME RUN (Flyball, 78XD), Distance : 363 ft
Batting: RHB Brady McIntyre 0-0: Ball
1-0: Ground out 6-3 (Groundball, 56)
Batting: RHB Charlie O'Farrell 0-0: Ball
1-0: Called Strike
1-1: Foul Ball, location: 2F
1-2: Fly out, F8 (Flyball, 8LD)
Top of the 5th over - 3 run(s), 3 hit(s), 0 error(s), 0 left on base; Minnesota 4 - Virginia Tech 2
BOTTOM OF THE 5TH
Virginia Tech Hokies batting - Pitching for Minnesota Golden Gophers : LHP Dave Johnson
Batting: RHB Carlos Solís 0-0: Called Strike
0-1: Ball
1-1: Foul Ball, location: 2F
1-2: Ground out 4-3 (Groundball, 4M)
Batting: RHB Denny Washington 0-0: Fly out, F5 (Popup, 5SF)
Batting: RHB Matt Dickson 0-0: Ball
1-0: Ground out 5-3 (Groundball, 5)
Bottom of the 5th over - 0 run(s), 0 hit(s), 0 error(s), 0 left on base; Minnesota 4 - Virginia Tech 2
TOP OF THE 6TH
Minnesota Golden Gophers batting - Pitching for Virginia Tech Hokies : RHP Frank Davis
Batting: LHB Doug Willard 0-0: Ball
1-0: Swinging Strike
1-1: Foul Ball, location: 2F
1-2: Foul Ball, location: 2F
1-2: Ball
2-2: Strikes out looking
Pitching: RHP Dani Vásquez
Batting: RHB Esteban Ayala 0-0: Ground out 4-3 (Groundball, 4)
Batting: SHB Van White 0-0: Ball
1-0: Ball
2-0: Ball
3-0: Base on Balls
Batting: RHB Ben Lund 0-0: Called Strike
0-1: Fielders Choice at 2nd, U6 (Groundball, 6M)
Top of the 6th over - 0 run(s), 0 hit(s), 0 error(s), 1 left on base; Minnesota 4 - Virginia Tech 2
BOTTOM OF THE 6TH
Virginia Tech Hokies batting - Pitching for Minnesota Golden Gophers : LHP Dave Johnson
Batting: LHB Kenny Harris 0-0: Swinging Strike
0-1: Ground out 4-3 (Groundball, 4S)
Batting: RHB Jerry Moore 0-0: Ground out 6-3 (Groundball, 6M)
Batting: LHB Larry Ringer 0-0: Called Strike
0-1: Ball
1-1: Ball
2-1: Foul Ball, location: 2F
2-2: Fly out, F9 (Flyball, 9LMF)
Bottom of the 6th over - 0 run(s), 0 hit(s), 0 error(s), 0 left on base; Minnesota 4 - Virginia Tech 2
TOP OF THE 7TH
Minnesota Golden Gophers batting - Pitching for Virginia Tech Hokies : RHP Dani Vásquez
Batting: LHB Ramón López 0-0: Ball
1-0: SINGLE (Groundball, 56)
Batting: RHB Carlos López 0-0: Ball
1-0: Reached on error, E6 (Groundball, 6)
Ramón López to second
Batting: RHB Mike Brooks 0-0: Bunt - Flyout! F2
Batting: RHB Brady McIntyre 0-0: Ball
1-0: Ball
2-0: SINGLE (Groundball, 23) (infield hit)
Ramón López to third
Carlos López to second
Batting: RHB Charlie O'Farrell 0-0: Called Strike
0-1: Swinging Strike
0-2: Ball
1-2: Ball
2-2: Strikes out looking
Batting: LHB Doug Willard 0-0: Ball
1-0: Foul Ball, location: 2F
1-1: Called Strike
1-2: Strikes out looking
Top of the 7th over - 0 run(s), 2 hit(s), 1 error(s), 3 left on base; Minnesota 4 - Virginia Tech 2
BOTTOM OF THE 7TH
Virginia Tech Hokies batting - Pitching for Minnesota Golden Gophers : LHP Dave Johnson
Batting: RHB Jesús Lara 0-0: Ball
1-0: Ball
2-0: Ball
3-0: Base on Balls
Batting: RHB Francisco González 0-0: Called Strike
0-1: SINGLE (Line Drive, 56D)
Jesús Lara to second
Batting: RHB Felipe Núñez 0-0: Grounds into double play, 1-6-3 (Groundball, 15)
Jesús Lara to third
Batting: RHB Carlos Solís 0-0: Fly out, F8 (Flyball, 8RM)
Bottom of the 7th over - 0 run(s), 1 hit(s), 0 error(s), 1 left on base; Minnesota 4 - Virginia Tech 2
TOP OF THE 8TH
Minnesota Golden Gophers batting - Pitching for Virginia Tech Hokies : RHP Dani Vásquez
Batting: RHB Esteban Ayala 0-0: Called Strike
0-1: Ball
1-1: Ball
2-1: Fly out, F9 (Flyball, 9S)
Pitching: RHP Ron Kelly
Batting: SHB Van White 0-0: Ball
1-0: Fly out, F7 (Flyball, 78M)
Batting: RHB Ben Lund 0-0: Foul Ball, location: 2F
0-1: Swinging Strike
0-2: Ball
1-2: Ball
2-2: Foul Ball, location: 2F
2-2: Ball
3-2: SINGLE (Line Drive, 4M)
Batting: LHB Ramón López 0-0: Called Strike
0-1: Called Strike
0-2: Foul Ball, location: 2F
0-2: Ball
1-2: Fly out, F6 (Popup, 56D)
Top of the 8th over - 0 run(s), 1 hit(s), 0 error(s), 1 left on base; Minnesota 4 - Virginia Tech 2
BOTTOM OF THE 8TH
Virginia Tech Hokies batting - Pitching for Minnesota Golden Gophers : LHP Dave Johnson
Pitching: RHP David Dean
Batting: RHB Denny Washington 0-0: Ball
1-0: Called Strike
1-1: Ball
2-1: Foul Ball, location: 2F
2-2: Strikes out swinging
Batting: RHB Matt Dickson 0-0: Called Strike
0-1: Fly out, F5 (Popup, 5SF)
Batting: LHB Kenny Harris 0-0: Called Strike
0-1: Foul Ball, location: 2F
0-2: Ball
1-2: Ball
2-2: Ball
3-2: Base on Balls
Batting: RHB Jerry Moore 0-0: Ball
1-0: Called Strike
1-1: SINGLE (Groundball, 5L)
Kenny Harris to second
Pitching: RHP Jack Ellison
Batting: LHB Larry Ringer 0-0: Ball
1-0: Swinging Strike
1-1: Foul Ball, location: 2F
1-2: Ball
2-2: Hit by Pitch
Kenny Harris to third
Jerry Moore to second
Batting: RHB Jesús Lara 0-0: Called Strike
0-1: Foul Ball, location: 2F
0-2: Hit by Pitch
Kenny Harris scores
Jerry Moore to third
Larry Ringer to second
Batting: RHB Francisco González 0-0: Called Strike
0-1: Fly out, F9 (Popup, 9LS)
Bottom of the 8th over - 1 run(s), 1 hit(s), 0 error(s), 3 left on base; Minnesota 4 - Virginia Tech 3
TOP OF THE 9TH
Minnesota Golden Gophers batting - Pitching for Virginia Tech Hokies : RHP Ron Kelly
Pitching: RHP Jesús Gonzáles
Batting: RHB Carlos López 0-0: Called Strike
0-1: Ball
1-1: Ball
2-1: Ball
3-1: Foul Ball, location: 2F
3-2: Foul Ball, location: 2F
3-2: Base on Balls
Batting: RHB Mike Brooks 0-0: Ball
1-0: Bunted foul
1-1: Bunted foul
1-2: Strikes out swinging
Batting: RHB Brady McIntyre 0-0: Called Strike
0-1: Fly out, F6 (Line Drive, 6MS)
Batting: RHB Charlie O'Farrell 0-0: Called Strike
Carlos López steals 2nd base
0-1: SINGLE (Line Drive, 89S)
Carlos López to third
Runner from 3rd tries for Home, SAFE, no throw or cutoff
Batting: LHB Doug Willard 0-0: Ball
1-0: Foul Ball, location: 2F
1-1: Foul Ball, location: 2F
1-2: SINGLE (Groundball, 34D)
Charlie O'Farrell to second
Throwing error, E9
Charlie O'Farrell scores
Doug Willard to second
Batting: RHB Esteban Ayala 0-0: Ball
1-0: Ball
2-0: Ground out 4-3 (Groundball, 34)
Top of the 9th over - 2 run(s), 2 hit(s), 1 error(s), 1 left on base; Minnesota 6 - Virginia Tech 3
BOTTOM OF THE 9TH
Virginia Tech Hokies batting - Pitching for Minnesota Golden Gophers : RHP Jack Ellison
Pitching: RHP Brent Burnett
Batting: RHB Felipe Núñez 0-0: Called Strike
0-1: SOLO HOME RUN (Flyball, 78XD), Distance : 390 ft
Batting: RHB Carlos Solís 0-0: Foul Ball, location: 2F
0-1: Ball
1-1: Swinging Strike
1-2: Foul Ball, location: 2F
1-2: Ball
2-2: Ball
3-2: SOLO HOME RUN (Flyball, 7D), Distance : 351 ft
Batting: RHB Denny Washington 0-0: Ball
1-0: Swinging Strike
1-1: Ground out 4-3 (Groundball, 4S)
Batting: RHB Matt Dickson 0-0: Ball
1-0: Foul Ball, location: 2F
1-1: Ball
2-1: Foul Ball, location: 2F
2-2: Ball
3-2: Ground out 6-3 (Groundball, 6MS)
Batting: LHB Kenny Harris 0-0: Ball
1-0: Swinging Strike
1-1: Ball
2-1: Foul Ball, location: 2F
2-2: Ball
3-2: Strikes out swinging
Bottom of the 9th over - 2 run(s), 2 hit(s), 0 error(s), 0 left on base; Minnesota 6 - Virginia Tech 5
This league is powered by Out of the Park Baseball, the baseball management simulation game for PC, Mac and Linux
Wednesday, December 2nd, 2015 - OOTP Baseball 16.8 Build 38